 Dungeon Crawl Stone Soup version 0.29.1-1-gd02db6906a (webtiles) character file.

Game seed: 9463820358710495559

3784 nshep25 the Cleaver (level 9, -6/79 HPs)
             Began as a Minotaur Fighter on Sept 29, 2022.
             Was a Believer of the Shining One.
             Mangled by Maggie
             ... wielding a +0 broad axe
              (14 damage)
             ... on level 8 of the Dungeon.
             The game lasted 00:22:02 (7886 turns).

nshep25 the Cleaver (Minotaur Fighter)              Turns: 7886, Time: 00:22:03

Health: -6/79      AC: 10    Str: 26    XL:     9   Next: 95%
Magic:  8/8        EV: 10    Int:  5    God:    the Shining One [**....]
Gold:   262        SH:  5    Dex:  9    Spells: 8/8 levels left

rFire   + . .      SeeInvis +   a - +1 broad axe
rCold   . . .      Faith    .   c - +0 buckler
rNeg    + . .      Spirit   .   b - +0 scale mail
rPois   .          Reflect  .   m - +2 hat
rElec   .          Harm     .   (no cloak)
rCorr   .          Rampage  .   (no gloves)
Will    .....                   (no boots)
Stlth   ..........              (no amulet)
HPRegen 0.23/turn               p - ring of protection from fire
MPRegen 0.11/turn               r - ring of see invisible

@: mesmerised, glowing
A: horns 2, retaliatory headbutt
a: Renounce Religion, Divine Shield


You were on level 8 of the Dungeon.
You worshipped the Shining One.
The Shining One was pleased with you.
You visited 2 branches of the dungeon, and saw 9 of its levels.
You also visited: Ossuary.

You collected 528 gold pieces.
You spent 266 gold pieces at shops.

Inventory:

Hand Weapons
 a - a +1 broad axe (weapon)
 v - a +2 arbalest of freezing
Missiles
 t - 6 atropa-tipped darts
 x - 10 boomerangs (quivered)
Armour
 b - a +0 scale mail (worn)
 c - a +0 buckler (worn)
 m - a +2 hat (worn)
 y - the +0 pair of gloves of Fortitude {Harm rElec Regen+ Dex-3}
   (You bought it in a shop on level 4 of the Dungeon)

   Dex:       It affects your dexterity (-3).
   rElec:     It insulates you from electricity.
   Regen:     It increases your rate of health regeneration.
   Harm:      It increases damage dealt and taken.
Jewellery
 k - a ring of ice
 o - an amulet of magic regeneration
 p - a ring of protection from fire (left hand)
 r - a ring of see invisible (right hand)
 u - a ring of protection from fire
Wands
 s - a wand of mindburst (20)
Scrolls
 e - 3 scrolls of teleportation
 f - a scroll of enchant armour
 h - 3 scrolls of fear
 i - 4 scrolls of identify
 l - a scroll of magic mapping
 n - 2 scrolls of blinking
Potions
 d - 4 potions of might
 g - 6 potions of curing
 j - 2 potions of brilliance
 q - 3 potions of flight
 z - 3 potions of ambrosia
 A - 3 potions of berserk rage
 C - a potion of heal wounds
 D - 2 potions of haste
 E - a potion of cancellation


   Skills:
 + Level 7.3 Fighting
 + Level 12.4 Axes
 + Level 8.8 Armour
 + Level 3.5 Dodging
 + Level 0.8 Stealth
 + Level 5.4 Shields


You had 8 spell levels left.
You didn't know any spells.
Your spell library contained the following spells:

 Spells                   Type           Power      Damage    Failure   Level
 Petrify                  Tmut/Erth      0%         N/A       100%        4
 Metabolic Englaciation   Hex/Ice        0%         N/A       100%        5
 Dispersal                Tloc           0%         N/A       100%        6
 Statue Form              Tmut/Erth      0%         N/A       100%        6
 Disjunction              Tloc           0%         N/A       100%        8


Dungeon Overview and Level Annotations

Branches:
Dungeon (8/15)             Temple (1/1) D:4         Ossuary (visited)
   Lair: D:8-11

Altars:
Ashenzari
Cheibriados
Dithmenos
Elyvilon
Fedhas
Gozag
Hepliaklqana
Kikubaaqudgha
Makhleb
Nemelex Xobeh
Okawaru
Ru
Sif Muna
Trog
Uskayaw
Vehumet
Wu Jian
Xom
Yredelemnul
Zin
The Shining One

Shops:
D:4 [

Annotations:
D:8 Maggie


Innate Abilities, Weirdness & Mutations

You have a pair of horns on your head.
You reflexively headbutt those who attack you in melee.


Message History

The wolf barely misses you. You furiously retaliate!
You headbutt the wolf. You block Grum's attack.
You slash Grum! You headbutt Grum.
You kill Grum!
You slash the wolf!
You kill the wolf!
You feel sick.
You start resting.
You feel sick. x2
You are no longer poisoned.
You start resting.
Maggie the Vainglorious comes into view.
She is wielding a +0 broad axe.
You see here a water moccasin corpse.
Maggie casts a spell.
Maggie attempts to bespell you!
You are mesmerised by Maggie!
There is an open door here.
Maggie barely misses you.
A gnoll comes into view. It is wielding a +1 spear of venom.
The gnoll sergeant shouts!
The gnoll shouts!
You slash Maggie!
Maggie is moderately wounded.
Maggie hits you with a +0 broad axe!
You slash Maggie!
Maggie is heavily wounded.
Maggie barely misses you.
You hit Maggie. You headbutt Maggie, but do no damage.
Maggie is severely wounded.
Maggie gestures wildly while chanting.
Maggie draws you further into her thrall.
You slice Maggie!! Your headbutt misses Maggie.
Maggie is almost dead.
Maggie casts a spell at you. The bolt of fire hits you! You resist.
* * * LOW HITPOINT WARNING * * *
The gnoll sergeant hits you from afar with a +0 spear!
* * * LOW HITPOINT WARNING * * *
You barely miss Maggie. Your headbutt misses Maggie.
Maggie is almost dead.
Maggie hits you with a +0 broad axe!
You die...

#.........#...#
#.#########.######+#
#.# #.#....... #.#
#.#....... #.#
##.#...... #.#
######.......... #.#
#.......#.###.#
##.###.....).......#.
#..@@'.†.).[#<.......
#....#.....†##.##...#
#.g.......#.##....#(#
#g###.###.#...##### #
... .......+........
..#...#.[...#)..##...
...##..#######...# ..
.# #. #.### ..
#.#.####


You could see Maggie (mesmerising), a gnoll sergeant and a gnoll.

Vanquished Creatures
  A two-headed ogre (D:6)
  A wyvern (D:7)
  Grum (D:8)
  A steam dragon (D:7)
  Eustachio (D:6)
  Menkaure (D:7)
  An acid dragon (D:4)
  A water moccasin (D:8)
  An ice beast (D:6)
  2 black bears
  3 ogres
  3 wolves (D:8)
  A centaur (D:7)
  3 necrophages
  2 gnoll sergeants
  3 scorpions
  2 howler monkeys
  2 human zombies (Ossuary)
  A hound (D:6)
  3 jellies
  A gnoll bouda (D:5)
  Crazy Yiuf (D:4)
  5 orc wizards
  5 iguanas
  4 mummies (Ossuary)
  Robin (D:4)
  13 gnolls
  8 adders
  A shadow imp (D:6)
  2 worms
  4 dart slugs
  18 orcs
  2 bats
  2 endoplasms (D:2)
  A giant cockroach (D:6)
  23 goblins
  13 hobgoblins
  4 jackals (D:2)
  4 quokkas
  5 ball pythons
  6 frilled lizards
  3 goblin zombies (Ossuary)
  A hobgoblin zombie (Ossuary)
  8 kobolds
  2 orc zombies (Ossuary)
171 creatures vanquished.

Notes
Turn   | Place    | Note
-------+----------+-------------------------------------------
     0 | D:1      | nshep25 the Minotaur Fighter began the quest for the Orb.
     0 | D:1      | Reached XP level 1. HP: 19/19 MP: 0/0
   344 | D:1      | Reached XP level 2. HP: 27/27 MP: 1/1
   890 | D:1      | Found a faded altar of an unknown god.
  1070 | D:2      | Reached XP level 3. HP: 33/33 MP: 2/2
  1650 | D:2      | Reached skill level 3 in Axes
  1856 | D:2      | Reached XP level 4. HP: 38/40 MP: 3/3
  2388 | D:3      | Found a white marble altar of Elyvilon.
  2746 | D:3      | Identified the +1 robe "Cutemall" {Contam rC+ rN+ Dex+7}
  3082 | D:4      | Noticed an acid dragon
  3092 | D:4      | Killed an acid dragon
  3093 | D:4      | Reached skill level 4 in Axes
  3093 | D:4      | Reached skill level 5 in Armour
  3093 | D:4      | Reached XP level 5. HP: 13/47 MP: 4/4
  3422 | D:4      | Reached skill level 1 in Dodging
  3422 | D:4      | Reached XP level 6. HP: 27/53 MP: 5/5
  3671 | D:4      | Reached skill level 5 in Axes
  3988 | D:4      | Noticed Robin
  3993 | D:4      | Reached skill level 5 in Fighting
  3998 | D:4      | Killed Robin
  4156 | D:4      | Reached XP level 7. HP: 61/61 MP: 6/6
  4211 | D:4      | Found a runed translucent door.
  4212 | D:4      | Noticed Crazy Yiuf
  4218 | D:4      | Killed Crazy Yiuf
  4219 | D:4      | Reached skill level 6 in Axes
  4367 | D:4      | Found a staircase to the Ecumenical Temple.
  4371 | Temple   | Entered the Ecumenical Temple
  4396 | Temple   | Became a worshipper of the Shining One
  4629 | D:4      | Found Pefou's Antique Armour Emporium.
  4634 | D:4      | Bought a pair of ancient gloves for 266 gold pieces
  4634 | D:4      | Identified the +0 pair of gloves of Fortitude {Harm rElec
                  | Regen+ Dex-3} (You bought it in a shop on level 4 of the
                  | Dungeon)
  4799 | D:5      | Entered Level 5 of the Dungeon
  4857 | D:5      | Reached skill level 7 in Axes
  4896 | D:5      | Found a sand-covered staircase.
  4901 | Ossuary  | Entered an ossuary
  4999 | Ossuary  | Reached * piety under the Shining One
  5397 | D:5      | Reached XP level 8. HP: 69/69 MP: 7/7
  5478 | D:5      | Found a broken altar of Ashenzari.
  5523 | D:5      | Reached skill level 8 in Axes
  5552 | D:5      | Found a hide-covered altar of Uskayaw.
  5889 | D:6      | Reached skill level 9 in Axes
  5907 | D:6      | Noticed a two-headed ogre
  5913 | D:6      | Killed a two-headed ogre
  5914 | D:6      | Reached skill level 10 in Axes
  5914 | D:6      | Reached skill level 5 in Shields
  5968 | D:6      | Reached XP level 9. HP: 78/78 MP: 8/8
  5976 | D:6      | Found an opulent altar of Gozag.
  6057 | D:6      | Noticed a two-headed ogre
  6058 | D:6      | Reached ** piety under the Shining One
  6125 | D:6      | Noticed Eustachio
  6141 | D:6      | Killed Eustachio
  6345 | D:6      | Found a shimmering altar of Xom.
  6349 | D:6      | Reached skill level 11 in Axes
  6881 | D:7      | Found a bloodstained altar of Trog.
  7582 | D:7      | Noticed Menkaure
  7588 | D:7      | Killed Menkaure
  7719 | D:8      | Reached skill level 12 in Axes
  7748 | D:8      | Noticed a death yak
  7748 | D:8      | Noticed Grum
  7753 | D:8      | Noticed a death yak
  7754 | D:8      | Noticed a death yak
  7754 | D:8      | Noticed a death yak
  7830 | D:8      | Killed Grum
  7877 | D:8      | Noticed Maggie
  7886 | D:8      | Mangled by Maggie

Illustrated notes

Levels and vault maps discovered:
D:1:      minmay_arrival_split_and_join, layout_basic,
          shapermc_ecumenical_altar_petra
D:2:      cheibrodos_greedy_goblins, layout_basic
D:3:      layout_basic, amcnicky_altar_gilded
D:4:      layout_gridville, temple_hall_moat, serial_shops,
          nicolae_shop_hallway_plus, uniq_robin, uniq_crazy_yiuf_cottage
D:5:      layout_basic, mainiacjoe_overflow_large_starburst, enter_ossuary_2
D:6:      layout_cave_pools, tgw_xom, lemuel_round_altar, glass_columns_b,
          lightli_corner_chamber, uniq_eustachio
D:7:      layout_gridville, mainiacjoe_overflow_catwalk, uniq_menkaure
D:8:      layout_basic, dpeg_lair_monsters, chequers_serial_rivers_micro_d,
          uniq_maggie, uniq_erica, uniq_maurice, uniq_grum
Temple:   hellmonk_temple_two_chambers

Skill      XL: |  1  2  3  4  5  6  7  8  9 |
---------------+----------------------------+-----
Armour         | 4 5 6 7 8 |  8.8
Shields        | 4 5 |  5.4
Fighting       | 4 5 6 7 |  7.3
Axes           | 3 4 5 7 10 12 | 12.4
Dodging        | 1 2 3 |  3.5
Stealth        | |  0.8

Action                   |  1- 3 |  4- 6 |  7- 9 || total
-------------------------+-------+-------+-------++-------
Melee: War axe           |     8 |       |       ||     8
       Broad axe         |    56 |    96 |   179 ||   331
       Headbutt          |     8 |    15 |    38 ||    61
  Use: Scroll            |       |       |    17 ||    17
       Potion            |       |       |     1 ||     1
Armor: Scale mail        |    25 |    41 |    67 ||   133
Dodge: Dodged            |    27 |    67 |   104 ||   198
Block: Buckler           |     9 |    30 |    38 ||    77
